 Dungeon Crawl Stone Soup version 0.28-a0-653-g7e9dba17c3 (webtiles) character file.

Game seed: 10133973522033992616

3246 funkygono the Arsonist (level 9, 0/47 HPs)
             Began as a Gargoyle Fire Elementalist on Oct 11, 2021.
             Was a Follower of Vehumet.
             Slain by a two-headed ogre (19 damage)
             ... on level 7 of the Dungeon.
             The game lasted 00:20:34 (9069 turns).

funkygono the Arsonist (Gargoyle Fire Elementalist) Turns: 9069, Time: 00:20:34

Health: 0/47       AC: 13    Str: 13    XL:     9   Next: 99%
Magic:  25/30      EV: 12    Int: 18    God:    Vehumet [*.....]
Gold:   492        SH:  0    Dex: 10    Spells: 2/24 levels left

rFire   . . .      SeeInvis .   r - +7 flail (freeze)
rCold   . . .      Faith    .   (no shield)
rNeg    + . .      Spirit   .   a - +1 robe
rPois   ∞          Reflect  .   (no helmet)
rElec   +          Harm     .   (no cloak)
rCorr   .          Rampage  .   (no gloves)
Will    .....                   (no boots)
Stlth   ++........              d - amulet of regeneration
HPRegen 1.15/turn               h - +4 ring of protection
MPRegen 0.22/turn               l - ring of magical power

@: studying 2 skills
A: sickness immunity, AC +6, negative energy resistance 1, electricity
resistance, torment resistance 1, petrification resistance
a: Renounce Religion


You were on level 7 of the Dungeon.
You worshipped Vehumet.
Vehumet was aware of your devotion.
You visited 1 branch of the dungeon, and saw 8 of its levels.

You collected 492 gold pieces.

Inventory:

Hand Weapons
 c - a +1 whip
 f - a +0 mace
 n - a +0 flail of distortion
 r - a +7 flail of freezing (weapon)
 E - a +3 whip of electrocution
Missiles
 b - 216 stones
 F - a throwing net
Armour
 a - a +1 robe (worn)
 i - a +0 leather armour
 o - the +1 ring mail of the Storm King {Int-5 Dex+6 Slay+5 SInv}
   (You found it on level 5 of the Dungeon)

   Int:       It affects your intelligence (-5).
   Dex:       It affects your dexterity (+6).
   Slay:      It affects your accuracy & damage with ranged weapons and melee
   (+5).
   SInv:      It lets you see invisible.
 B - a +2 ring mail of fire resistance
Magical Staves
 v - a staff of fire
Jewellery
 d - an amulet of regeneration (around neck)
 h - a +4 ring of protection (left hand)
 l - a ring of magical power (right hand)
 w - the ring "Quolemol" {Fire rCorr}
   (You found it on level 5 of the Dungeon)

   [ring of fire]

   It enhances your fire magic.
   rF:        It protects you from fire.
   rC:        It makes you vulnerable to cold.
   rCorr:     It protects you from acid and corrosion.
 D - a ring of resist corrosion
 G - an amulet of regeneration
Wands
 j - a wand of acid (5)
 x - a wand of polymorph (6)
 H - a wand of charming (16)
Scrolls
 e - 5 scrolls of teleportation
 g - 3 scrolls of enchant armour
 m - a scroll of fog
 y - 3 scrolls of identify
 C - 2 scrolls of amnesia
Potions
 k - a potion of cancellation
 p - a potion of magic
 q - a potion of lignification
 s - a potion of mutation
 t - a potion of ambrosia
 u - 2 potions of brilliance
 z - a potion of attraction {unknown}
 A - a potion of curing {unknown}


   Skills:
 + Level 1.5 Fighting
 + Level 2.6 Maces & Flails
 + Level 2.2 Dodging
 - Level 2.1 Stealth
 * Level 8.1 Spellcasting
 * Level 6.1 Conjurations
 * Level 8.1 Fire Magic
 * Level 3.8 Earth Magic


You had 2 spell levels left.
You knew the following spells:

 Your Spells              Type           Power      Damage    Failure   Level
a - Foxfire               Conj/Fire      100%       2x1d9     1%          1
b - Scorch                Fire           72%        2d8       1%          2
c - Conjure Flame         Conj/Fire      32%        6-21      1%          3
d - Flame Wave            Conj/Fire      32%        3d7       5%          4
e - Shock                 Conj/Air       72%        1d7       2%          1
j - Stone Arrow           Conj/Erth      50%        3d10      3%          3
k - Lehudib's Crystal Sp  Conj/Erth      12%        10d4      100%        8

Your spell library contained the following spells:

 Spells                   Type           Power      Damage    Failure   Level
 Blink                    Tloc           N/A        N/A       14%         2
 Inner Flame              Hex/Fire       21%        N/A       5%          3
 Lesser Beckoning         Tloc           7%         N/A       28%         3
 Animate Armour           Summ/Erth      28%        N/A       41%         4
 Cause Fear               Hex            3%         N/A       67%         4
 Manifold Assault         Tloc           7%         N/A       95%         5
 Discord                  Hex            3%         N/A       100%        8


Dungeon Overview and Level Annotations

Branches:
Dungeon (8/15)             Temple (0/1) D:7
   Lair: D:8-11

Altars:
Dithmenos
Elyvilon
Fedhas
Hepliaklqana
Okawaru
Ru
Trog
Uskayaw
Vehumet
Wu Jian
Zin
The Shining One

Shops:
D:5 *


Innate Abilities, Weirdness & Mutations

You are immune to sickness and miasma.
Your stone body is resilient. (AC +6)
You are immune to poison.
You resist negative energy. (rN+)
You are resistant to electric shocks. (rElec)
You are resistant to unholy torment.
You are immune to petrification.


Message History

Casting: Foxfire (safe; 1% risk of failure)
Confirm with . or Enter, or press ? or * to list all spells.
You conjure some foxfire!
Casting: Foxfire (safe; 1% risk of failure)
Confirm with . or Enter, or press ? or * to list all spells.
You conjure some foxfire!
The foxfire hits the two-headed ogre but does no damage.
The two-headed ogre is moderately wounded.
The foxfire hits the two-headed ogre.
The two-headed ogre is heavily wounded.
Casting: Foxfire (safe; 1% risk of failure)
Confirm with . or Enter, or press ? or * to list all spells.
Flames lash the two-headed ogre.
The two-headed ogre is heavily wounded.
The two-headed ogre's fire resistance burns away.
The foxfire hits the two-headed ogre.
The two-headed ogre is burned terribly!
The two-headed ogre is heavily wounded.
The foxfire hits the two-headed ogre but does no damage.
The two-headed ogre is heavily wounded.
The two-headed ogre barely misses you. The two-headed ogre misses you.
The two-headed ogre is no longer more vulnerable to fire.
Casting: Scorch (safe; 1% risk of failure)
Confirm with . or Enter, or press ? or * to list all spells.
You conjure some foxfire!
The two-headed ogre hits you with a +0 giant club!
The two-headed ogre hits you with a +0 giant club!!
* * * LOW HITPOINT WARNING * * *
Casting: Foxfire (safe; 1% risk of failure)
Confirm with . or Enter, or press ? or * to list all spells.
It is impossible to cast this spell (100% risk of failure)!
The foxfire hits the two-headed ogre but does no damage.
The two-headed ogre is heavily wounded.
The foxfire hits the two-headed ogre but does no damage.
The two-headed ogre is heavily wounded.
Unknown command.
Casting: Lehudib's Crystal Spear (potentially lethal; 100% risk of failure)
Confirm with . or Enter, or press ? or * to list all spells.
You conjure some foxfire!
The two-headed ogre hits you with a +0 giant club!!
You die...

..........####...# #.
......##..# #...###### ##.
.....####.## #....##..# #..
......# #..###........# ##.#
...#.####....##.......# #..#
...#.#...............## #.##
.#......###.........## ##.#
##.#.....##....<....## #..#
#..##...###....v@....########.##
##.##..###..#..vO..#..#.......#
........##.###....##.....######
........#..##............#
....###.##.###...........# ....#
#.....##.........### ..###
#...............## ###
###.............##
#########..(#..........##


You could see a two-headed ogre (ally target).

Vanquished Creatures
  Grinder (D:6)
  Sigmund (D:6)
  A wyvern (D:7)
  A water moccasin (D:5)
  An ice beast (D:7)
  4 ogres
  3 necrophages (D:6)
  A kobold brigand (D:4)
  2 scorpions (D:5)
  A wyvern skeleton (D:4)
  A water moccasin zombie (D:5)
  2 water moccasin skeletons
  4 killer bees
  10 wights
  3 howler monkeys
  The ghost of Heedrag the Firebug, a weakling DEFE (D:3)
  A centaur zombie (D:6)
  3 bullfrog zombies
  A hound (D:6)
  4 orc priests
  A centaur skeleton (D:6)
  A bullfrog skeleton (D:5)
  3 iguanas
  5 orc wizards
  A scorpion zombie (D:5)
  A statue (D:5)
  A hound zombie (D:5)
  A howler monkey zombie (D:7)
  7 gnolls (D:3)
  A howler monkey skeleton (D:5)
  4 adders
  A white imp (D:5)
  4 ufetubi
  2 adder skeletons
  2 worms
  A dart slug (D:1)
  12 orcs
  4 ball pythons
  9 bats
  4 endoplasms
  4 giant cockroaches
  10 hobgoblins
  2 jackals (D:1)
  3 quokkas
  2 frilled lizards
  4 goblins
  2 kobolds
  7 rats
145 creatures vanquished.

Vanquished Creatures (collateral kills)
  A foxfire (D:1)
1 creature vanquished.

Vanquished Creatures (others)
  509 foxfires
  14 plants
523 creatures vanquished.

Grand Total: 669 creatures vanquished

Notes
Turn   | Place    | Note
-------+----------+-------------------------------------------
     0 | D:1      | funkygono the Gargoyle Fire Elementalist began the quest
                  | for the Orb.
     0 | D:1      | Reached XP level 1. HP: 10/10 MP: 3/3
   225 | D:1      | Reached XP level 2. HP: 15/15 MP: 1/5
   230 | D:1      | Learned a level 2 spell: Scorch
  1103 | D:1      | Reached XP level 3. HP: 19/19 MP: 3/6
  1113 | D:1      | Learned a level 3 spell: Conjure Flame
  1531 | D:1      | Found a faded altar of an unknown god.
  2457 | D:3      | Reached XP level 4. HP: 24/24 MP: 4/7
  2654 | D:3      | Found a transporter.
  2705 | D:3      | Found a sacrificial altar of Ru.
  3024 | D:3      | Found a bloodstained altar of Trog.
  3155 | D:3      | Found a transporter.
  3379 | D:3      | Noticed Heedrag's ghost (weakling DEFE)
  3707 | D:4      | Reached XP level 5. HP: 20/28 MP: 0/9
  3799 | D:4      | Learned a level 3 spell: Stone Arrow
  4186 | D:4      | Found a faded altar of an unknown god.
  4187 | D:4      | Noticed a kobold brigand
  4220 | D:4      | Killed a kobold brigand
  4313 | D:4      | Found a hazy altar of Hepliaklqana.
  4423 | D:4      | Reached XP level 6. HP: 33/33 MP: 8/11
  4424 | D:4      | Reached skill level 5 in Fire Magic
  4618 | D:3      | Reached XP level 7. HP: 18/37 MP: 4/13
  4640 | D:3      | Learned a level 4 spell: Flame Wave
  4732 | D:4      | Reached skill level 1 in Earth Magic
  5011 | D:5      | Entered Level 5 of the Dungeon
  5030 | D:5      | Reached skill level 5 in Spellcasting
  5252 | D:5      | Reached XP level 8. HP: 41/42 MP: 16/16
  5277 | D:5      | Identified the +1 ring mail of the Storm King {Int-5 Dex+6
                  | Slay+5 SInv}
  5464 | D:5      | Found Jenosut's Lightly-Used Armoury.
  5532 | D:5      | Reached skill level 1 in Maces & Flails
  5620 | D:5      | Found a glowing golden altar of the Shining One.
  5694 | D:5      | Found a radiant altar of Vehumet.
  5715 | D:5      | Became a worshipper of Vehumet
  5916 | D:5      | Identified the ring "Quolemol" {Fire rCorr}
  6298 | D:6      | Found an iron altar of Okawaru.
  6318 | D:6      | Found a shadowy altar of Dithmenos.
  6704 | D:6      | Reached XP level 9. HP: 46/46 MP: 19/19
  6736 | D:6      | Noticed Grinder
  6741 | D:6      | Killed Grinder
  6778 | D:6      | Found a white marble altar of Elyvilon.
  6893 | D:6      | Found a glowing silver altar of Zin.
  6898 | D:6      | Found a blossoming altar of Fedhas.
  7029 | D:6      | Reached skill level 5 in Conjurations
  7103 | D:6      | Reached * piety under Vehumet
  7103 | D:6      | Offered knowledge of Shock by Vehumet.
  7109 | D:6      | Learned a level 1 spell: Shock
  7205 | D:6      | Found an ornate altar of the Wu Jian Council.
  7392 | D:6      | Noticed Sigmund
  7493 | D:6      | Killed Sigmund
  7683 | D:6      | Learned a level 8 spell: Lehudib's Crystal Spear
  7839 | D:7      | Reached skill level 1 in Fighting
  8047 | D:7      | Found a staircase to the Ecumenical Temple.
  8525 | D:8      | Noticed a +0 dagger
  8525 | D:8      | Noticed a +0 hand axe
  8525 | D:8      | Noticed a two-headed ogre
  8525 | D:8      | Found a hide-covered altar of Uskayaw.
  8626 | D:3      | Killed Heedrag's ghost
  8812 | D:3      | Upgraded the game from 0.28-a0-643-g84cb2ea78e to
                  | 0.28-a0-653-g7e9dba17c3
  9069 | D:7      | Slain by a two-headed ogre

Illustrated notes

Levels and vault maps discovered:
D:1:      minmay_arrival_wavy_path, layout_basic,
          dilly_ecumenical_altar_fadedgnrine
D:2:      layout_loops_ring, item_on_display_a
D:3:      layout_basic, trog_three_pillars_becter, hangedman_ru_absence,
          gammafunk_ghost_gnarly_gnolls
D:4:      layout_loops_ring, beargit_hepliaklqana_dungeon_heroes,
          kennysheep_crisscross, kennysheep_boxes
D:5:      layout_gridville, mainiacjoe_overflow_catwalk, vehumet_statue,
          serial_bayou, serial_bayou_lake_a, serial_bayou_shore_a,
          serial_bayou_pond_a, serial_bayou_pond_b, serial_park_tiny_pond,
          minmay_shop_damaged, grunt_decor_fettered, amcnicky_mini_pool_small,
          minmay_circle_x
D:6:      layout_basic, mainiacjoe_overflow_boulevard, amcnicky_altar_gilded,
          nicolae_overflow_hidden_temple, okawaru_metal_pillars_1_2,
          mainiacjoe_overflow_surrounded_room, sigmund_army, uniq_grinder
D:7:      layout_cave_pools, minmay_temple_entry_glassed_door,
          minmay_tree_intersection, roderic_serpentine_path
D:8:      layout_basic, dancing_weapons_uskayaw, hangedman_decor_lopped,
          nzn_random_ring

Skill      XL: |  1  2  3  4  5  6  7  8  9 |
---------------+----------------------------+-----
Conjurations   | 2 3 4 6 |  6.1
Fire Magic     | 4 5 6 8 |  8.1
Spellcasting   | 3 4 5 7 8 |  8.1
Earth Magic    | 2 3 |  3.8
Maces & Flails | 1 2 |  2.6
Dodging        | 2 |  2.2
Fighting       | 1 |  1.5
Stealth        | |  2.1

Action                   |  1- 3 |  4- 6 |  7- 9 || total
-------------------------+-------+-------+-------++-------
Melee: Whip              |    14 |     8 |       ||    22
       Flail             |       |       |    45 ||    45
 Cast: Foxfire           |    45 |    79 |   176 ||   300
       Scorch            |    14 |    20 |    28 ||    62
       Stone Arrow       |       |     2 |    24 ||    26
       Shock             |       |       |     3 ||     3
       Flame Wave        |       |       |     3 ||     3
       Conjure Flame     |       |       |     1 ||     1
  Use: Scroll            |     7 |     1 |    11 ||    19
Armor: Robe              |     5 |    12 |    64 ||    81
Dodge: Dodged            |     7 |    24 |    72 ||   103

Table legend: (Time is in decaauts)
 A = Elapsed time spent in this place.
 B = Non-inter-level travel time spent in this place.
 C = Inter-level travel time spent in this place.
 D = Time resting spent in this place.
 E = Time spent auto-exploring this place.
 F = Levels seen in this place.
 G = Mean time per level.
                   A        B        C        D        E       F      G
               +--------+--------+--------+--------+--------+-----+--------+
         Total |   9132 |   8693 |    439 |    744 |   6468 |   8 | 1141.5 |
       Dungeon |   9132 |   8693 |    439 |    744 |   6468 |   8 | 1141.5 |
               +--------+--------+--------+--------+--------+-----+--------+

Top non-repeatable levels by time:
     D:1: 1629 daAuts
     D:3: 1615 daAuts
     D:6: 1593 daAuts
     D:5: 1355 daAuts
     D:4: 1309 daAuts
     D:7: 858 daAuts
     D:2: 765 daAuts
     D:8: 5 daAuts
